 Dungeon Crawl Stone Soup version 0.17-a0-1020-ge683cc4 (webtiles) character file.

22190 Kisielow the Martial Artist (level 12, -1/97 HPs)
             Began as a Merfolk Transmuter on May 14, 2015.
             Was a High Priest of Okawaru.
             Slain by a wolf (2 damage)
             ... on level 3 of the Lair of Beasts on May 15, 2015.
             The game lasted 01:11:56 (21779 turns).

Kisielow the Martial Artist (Merfolk Transmuter)   Turns: 21779, Time: 01:11:56

Health: -1/97      AC:  8    Str: 18    XL:     12   Next: 97%
Magic:  15/15      EV:  2    Int: 17    God:    Okawaru [*****.]
Gold:   1122       SH:  0    Dex: 14    Spells: 3 memorised, 3 levels left

rFire  . . .     SeeInvis +       - Unarmed
rCold  + . .     Clarity  .     r - +2 robe {rN+}
rNeg   + + +     SustAb   +     (no shield)
rPois  ∞         Gourm    .     (no helmet)
rElec  +         Spirit   .     S - +2 cloak
rCorr  .         Warding  .     a - +0 pair of gloves {Str+3}
rMut   .         Stasis   .     (no boots)
MR     .....                    H - amulet "Kaloitoa" {+Rage Str+4}
Stlth  ++........               z - ring "Qumes" {EV+3 Slay+3 SInv}
                                T - ring of Jealousy {SustAb rElec rC+ rN+ Slay+5}

@: petrified, very slightly contaminated, invisible, not resistant to hostile
enchantments, unstealthy
A: change form in water, swift swim
a: Heroism, Finesse, Renounce Religion, Evoke Berserk Rage


You were on level 3 of the Lair of Beasts.
You worshipped Okawaru.
Okawaru was extremely pleased with you.
You were not hungry.

You visited 3 branches of the dungeon, and saw 15 of its levels.
You also visited: Trove and Bailey.

You collected 1268 gold pieces.
You spent 146 gold pieces at shops.

Inventory:

Missiles
 s - 47 arrows
Armour
 a - a +0 pair of gloves of strength (worn)
 q - a +1 pair of gloves of dexterity
 r - a +2 robe of positive energy (worn)
 S - a +2 cloak (worn)
Jewellery
 z - the ring "Qumes" (right hand) {EV+3 Slay+3 SInv}
   (You found it in a treasure trove)

   [ring of evasion]

   It affects your evasion (+3).
   It affects your accuracy and damage with ranged weapons and melee attacks
   (+3).
   It enhances your eyesight.
 H - the amulet "Kaloitoa" (around neck) {+Rage Str+4}
   (You found it in a treasure trove)

   [amulet of rage]

   It affects your strength (+4).
   It lets you go berserk.
 J - an uncursed ring of flight
 L - an uncursed ring of teleportation
 N - an uncursed ring of protection from magic
 O - the ring of the Original Sin {rC+ Str+3 Dex+2}
   (You found it in a treasure trove)

   [ring of protection from cold]

   It affects your strength (+3).
   It affects your dexterity (+2).
   It protects you from cold.
 Q - the ring "Miuducumm" {Ice Str-5 Int+7}
   (You found it in a treasure trove)

   [ring of ice]

   It enhances your ice magic, and weakens your fire magic.
   It affects your strength (-5).
   It affects your intelligence (+7).
   It makes you vulnerable to fire.
   It protects you from cold.
 R - the ring of the Camelopard {Ice Slay+4 Stlth+}
   (You found it in a treasure trove)

   [ring of ice]

   It enhances your ice magic, and weakens your fire magic.
   It affects your accuracy and damage with ranged weapons and melee attacks
   (+4).
   It makes you vulnerable to fire.
   It protects you from cold.
   It makes you more stealthy.
 T - the ring of Jealousy (left hand) {SustAb rElec rC+ rN+ Slay+5}
   (You found it in a treasure trove)

   [ring of sustain abilities]

   It sustains your strength, intelligence and dexterity.
   It affects your accuracy and damage with ranged weapons and melee attacks
   (+5).
   It protects you from cold.
   It insulates you from electricity.
   It protects you from negative energy.
Magical devices
 g - a wand of random effects (21)
 k - a wand of disintegration (12)
 n - a wand of digging (19)
 o - a wand of lightning (4)
 p - a wand of paralysis (24)
 A - a wand of slowing (36)
 B - a wand of digging (10)
Scrolls
 i - a scroll of blinking
 y - 2 scrolls of remove curse
Potions
 e - 3 potions of agility
 f - a potion of brilliance
 j - 4 potions of flight
 v - a potion of curing
Books
 l - a book of Annihilations {highlevel, unknown}

   This book is beyond your current level of understanding.

   Spells                             Type                      Level
   a - Poison Arrow                   Conjuration/Poison           6
   b - Chain Lightning                Conjuration/Air              8
   c - Lehudib's Crystal Spear        Conjuration/Earth            8
   d - Glaciate                       Conjuration/Ice              9
   e - Fire Storm                     Conjuration/Fire             9
Miscellaneous
 c - a stone of tremors
 t - an ornate deck of defence
 u - a phial of floods (inert)
 w - a crystal ball of energy
Comestibles
 b - a royal jelly
 d - 11 bread rations
 m - 6 meat rations


   Skills:
 - Level 10.0 Fighting
 - Level 13.0 Dodging
 + Level 14.6 Unarmed Combat
 - Level 2.0 Spellcasting
 - Level 10.6 Transmutations
 - Level 4.0 Ice Magic
 - Level 3.0 Poison Magic


You had 3 spell levels left.
You knew the following spells:

 Your Spells              Type           Power        Failure   Level  Hunger
b - Blade Hands           Trmt           #####.....   10%         5    ######.
i - Ice Form              Ice/Trmt       ####....     12%         4    #####..
s - Spider Form           Trmt/Pois      ###.......   4%          3    ###....


Dungeon Overview and Level Annotations

Branches:
Dungeon (11/15)            Temple (1/1) D:7            Lair (3/8) D:11
    Orc (0/4) D:10
  Swamp: Lair:3-6    Shoals: Lair:3-6     Snake: Lair:3-6    Spider: Lair:3-6

Altars:
Ashenzari
Cheibriados
Dithmenos
Elyvilon
Fedhas
Gozag
Kikubaaqudgha
Makhleb
Nemelex Xobeh
Okawaru
Qazlal
Ru
Sif Muna
Trog
Vehumet
Xom
Yredelemnul
Zin
The Shining One

Shops:
D:9 [%**


Message History

The wolf bites you.
* * * LOW HITPOINT WARNING * * *
You have turned to stone.
The wolf bites you but does no damage. The wolf bites you!
* * * LOW HITPOINT WARNING * * *
The wolf bites you.
* * * LOW HITPOINT WARNING * * *
The wolf bites you.
* * * LOW HITPOINT WARNING * * *
The wolf completely misses you. The wolf bites you.
The wolf bites you but does no damage. The wolf bites you.
* * * LOW HITPOINT WARNING * * *
The wolf bites you. x2
The wolf bites you but does no damage. x2
The wolf bites you.
* * * LOW HITPOINT WARNING * * *
The wolf bites you.
* * * LOW HITPOINT WARNING * * *
The wolf bites you.
You die...

###.. .... #.
#P#P........ ...
#.........# ..#
#..... ...##
#.###....#.....#
#.#.#.#.#......
.............P.
...#.#.#.#h#P..PP.
.........@h.......
...#.#.#.#h#......
......lh†.....}
#.#.#.#.#.....#
..............##
..#.#.#.#.#....#
......####........
..#... #.. #P...
.. ..# #...


You could see 4 wolves.

Vanquished Creatures
  The ghost of Const the Nimble, an experienced MfSk of Okawaru (D:10)
  Urug (Lair:1)
  Sonja (Lair:2)
  The ghost of Oper80 the Chucker, an experienced OgHu (D:7)
  Pikel (D:4)
  2 hill giants (D:10)
  2 oklob plants
  An ugly thing (D:11)
  7 spiny frogs
  2 cyclopes
  A fire drake (D:11)
  A komodo dragon (Lair:1)
  Prince Ribbit (D:6)
  4 blink frogs (Lair:2)
  13 yaks
  2 basilisks (Lair:2)
  7 hippogriffs
  A hungry ghost (D:10)
  3 humans
  14 wolves
  Edmund (D:6)
  5 porcupines
  7 water moccasins
  4 ice beasts
  8 orc warriors
  A wasp (D:9)
  5 sky beasts
  A slave (D:4)
  A phantom (D:9)
  2 centaurs
  8 ogres
  2 big kobolds
  6 crocodiles
  8 giant frogs
  3 gnoll sergeants
  4 scorpions
  8 electric eels (D:9)
  3 crimson imps
  2 quasits
  5 orc priests
  8 hounds
  A jelly (D:6)
  16 orc wizards
  Jessica (D:3)
  Terence (D:2)
  8 iguanas
  7 worker ants
  3 sheep (D:8)
  A hound skeleton (D:6)
  32 river rats
  13 adders
  22 gnolls
  4 shadow imps
  2 oozes
  An adder zombie (D:6)
  4 worms
  3 giant geckos
  34 orcs
  5 ball pythons
  6 giant cockroaches
  10 hobgoblins
  11 jackals
  5 quokkas
  11 bats
  A giant gecko skeleton (D:4)
  A giant gecko zombie (D:6)
  3 giant newts
  21 goblins
  44 kobolds
  A quokka zombie (D:5)
  12 rats
  2 bushes
444 creatures vanquished.

Vanquished Creatures (others)
  A water elemental (Lair:2)
  A hobgoblin (D:9)
  A fungus (Lair:2)
  2 plants (D:10)
5 creatures vanquished.

Grand Total: 449 creatures vanquished

Notes
Turn   | Place    | Note
--------------------------------------------------------------
     0 | D:1      | Kisielow the Merfolk Transmuter began the quest for the Orb.
     0 | D:1      | Reached XP level 1. HP: 15/15 MP: 3/3
   132 | D:1      | Reached XP level 2. HP: 21/21 MP: 3/5
   187 | D:1      | Reached skill level 4 in Unarmed Combat
   749 | D:2      | Noticed Terence
   971 | D:2      | Reached XP level 3. HP: 14/26 MP: 4/6
   981 | D:2      | Learned a level 3 spell: Spider Form
  1170 | D:2      | Found a bloodstained altar of Trog.
  1184 | D:2      | Reached skill level 1 in Poison Magic
  2168 | D:2      | Killed Terence
  2168 | D:2      | Reached XP level 4. HP: 20/32 MP: 1/7
  3120 | D:2      | Reached XP level 5. HP: 30/37 MP: 4/8
  3305 | D:3      | Noticed Jessica
  3313 | D:3      | Killed Jessica
  3337 | D:3      | Found a glowing golden altar of the Shining One.
  3954 | D:3      | Reached skill level 5 in Transmutations
  4576 | D:3      | Reached XP level 6. HP: 43/43 MP: 5/9
  5181 | D:4      | Reached skill level 5 in Unarmed Combat
  5236 | D:4      | Noticed Pikel
  5356 | D:4      | Killed Pikel
  5356 | D:4      | Reached skill level 6 in Unarmed Combat
  5356 | D:4      | Reached XP level 7. HP: 13/55 MP: 7/10
  5392 | D:4      | Gained mutation: You are surrounded by a mild repulsion field (EV +2). [potion of mutation]
  5392 | D:4      | Gained mutation: You are frail (-10% HP). [potion of mutation]
  5392 | D:4      | Gained mutation: Your flesh is heat resistant. [potion of mutation]
  5627 | D:4      | Found an opulent altar of Gozag.
  6116 | D:5      | Entered Level 5 of the Dungeon
  6227 | D:5      | Reached skill level 5 in Fighting
  6451 | D:5      | Found a shadowy altar of Dithmenos.
  6466 | D:5      | Learned a level 4 spell: Ice Form
  6558 | D:5      | Reached skill level 7 in Unarmed Combat
  6558 | D:5      | Reached XP level 8. HP: 55/55 MP: 8/11
  6833 | D:5      | Reached skill level 8 in Unarmed Combat
  7314 | D:5      | Gained mutation: Your muscles are strong. (Str +2) [mutagenic meat]
  7315 | D:5      | Gained mutation: You are partially covered in icy blue scales (AC +1). [mutagenic meat]
  7316 | D:5      | Gained mutation: Your spells are a little easier to cast, but a little less powerful. [mutagenic meat]
  7317 | D:5      | Gained mutation: You occasionally shout uncontrollably at your foes. [mutagenic meat]
  7318 | D:5      | Gained mutation: You are resistant to hostile enchantments. [mutagenic meat]
  7410 | D:5      | Reached skill level 9 in Unarmed Combat
  7437 | D:5      | Gained mutation: You are partially covered in molten scales (AC +1). [mutagenic meat]
  7440 | D:5      | Gained mutation: Your flesh is cold resistant. [mutagenic meat]
  7441 | D:5      | Lost mutation: Your muscles are strong. (Str +2) [mutagenic meat]
  8169 | D:5      | Reached skill level 10 in Unarmed Combat
  8169 | D:5      | Reached XP level 9. HP: 49/61 MP: 9/12
  8531 | D:6      | Reached skill level 5 in Dodging
  8561 | D:6      | Gained mutation: Armour fits poorly on your strangely shaped body. [mutagenic meat]
  8562 | D:6      | Lost mutation: You are resistant to hostile enchantments. [mutagenic meat]
  8564 | D:6      | Lost mutation: You are frail (-10% HP). [mutagenic meat]
  8565 | D:6      | Lost mutation: Armour fits poorly on your strangely shaped body. [mutagenic meat]
  8653 | D:6      | Found a deep blue altar of Sif Muna.
  8732 | D:6      | Noticed Edmund
  8748 | D:6      | Killed Edmund
  8776 | D:6      | Found a snail-covered altar of Cheibriados.
  9000 | D:6      | Noticed Prince Ribbit
  9006 | D:6      | Killed Prince Ribbit
  9265 | D:6      | Identified Sif Muna's Incunabulum of Black Arts
  9468 | D:6      | Learned a level 5 spell: Blade Hands
  9521 | D:7      | Found a flagged portal.
  9569 | Bailey   | Entered a bailey
  9801 | Bailey   | Reached skill level 10 in Dodging
 10111 | Bailey   | Reached skill level 11 in Dodging
 10111 | Bailey   | Reached XP level 10. HP: 58/74 MP: 6/13
 10524 | D:7      | Found a staircase to the Ecumenical Temple.
 10547 | Temple   | Entered the Ecumenical Temple
 10836 | D:7      | Found an iron altar of Okawaru.
 10856 | D:7      | Reached skill level 12 in Dodging
 10864 | D:7      | Became a worshipper of Warmaster Okawaru
 10889 | D:7      | Found a shattered altar of Ashenzari.
 11023 | D:7      | Noticed Oper80's ghost (experienced OgHu)
 11101 | D:7      | Killed Oper80's ghost
 11101 | D:7      | Acquired Okawaru's first power
 11215 | D:7      | Found a sacrificial altar of Ru.
 12166 | D:8      | Gained mutation: You have a pair of small antennae on your head. [potion of beneficial mutation]
 12511 | D:8      | Found a shattered altar of Ashenzari.
 12663 | D:8      | Found a stormy altar of Qazlal.
 12711 | D:8      | Found a sparkling altar of Nemelex Xobeh.
 13017 | D:9      | Found Ophelok's General Store.
 13027 | D:9      | Bought a scroll of identify for 20 gold pieces
 13055 | D:9      | Reached XP level 11. HP: 52/79 MP: 14/14
 13064 | D:9      | Reached skill level 10 in Transmutations
 13304 | D:9      | Found Erroonni's Food Emporium.
 13327 | D:9      | HP: 2/79 [electric eel/bolt of electricity (14)]
 13602 | D:9      | HP: 3/118 [hippogriff (7)]
 14660 | D:9      | Found an ancient bone altar of Kikubaaqudgha.
 14751 | D:9      | Found Tufasim's Assorted Antiques.
 15069 | D:9      | Reached skill level 13 in Dodging
 15198 | D:9      | Found Wiwuv's Armour Shoppe.
 15204 | D:9      | Bought a +0 pair of gloves of strength for 126 gold pieces
 15221 | D:9      | Lost mutation: Your flesh is heat resistant. [potion of cure mutation]
 15221 | D:9      | Lost mutation: Your spells are a little easier to cast, but a little less powerful. [potion of cure mutation]
 15221 | D:9      | Lost mutation: You are partially covered in molten scales (AC +1). [potion of cure mutation]
 15221 | D:9      | Lost mutation: You are surrounded by a mild repulsion field (EV +2). [potion of cure mutation]
 15221 | D:9      | Lost mutation: You have a pair of small antennae on your head. [potion of cure mutation]
 15221 | D:9      | Lost mutation: You occasionally shout uncontrollably at your foes. [potion of cure mutation]
 15282 | D:9      | Found a bloodstained altar of Trog.
 15360 | D:10     | Entered Level 10 of the Dungeon
 15699 | D:10     | Gained mutation: Your magical capacity is low (-10% MP). [mutagenic meat]
 15700 | D:10     | Gained mutation: You are partially covered in large bone plates (AC +2, SH +2). [mutagenic meat]
 16150 | D:10     | Found a portal to a secret trove of treasure.
 16160 | Trove    | Entered a treasure trove
 16165 | Trove    | Got a steaming turquoise ring
 16169 | Trove    | Got a flickering steel amulet
 16183 | Trove    | Got a fine amber ring
 16187 | Trove    | Got a wavering lead ring
 16189 | Trove    | Got a pitted iron ring
 16193 | Trove    | Got a sparkling bronze ring
 16195 | Trove    | Identified the ring "Qumes" {EV+3 Slay+3 SInv} (You found it in a treasure trove)
 16197 | Trove    | Identified the amulet "Kaloitoa" {+Rage Str+4} (You found it in a treasure trove)
 16199 | Trove    | Identified the ring of the Original Sin {rC+ Str+3 Dex+2} (You found it in a treasure trove)
 16201 | Trove    | Identified the ring "Miuducumm" {Ice Str-5 Int+7} (You found it in a treasure trove)
 16203 | Trove    | Identified the ring of the Camelopard {Ice Slay+4 Stlth+} (You found it in a treasure trove)
 16205 | Trove    | Identified the ring of Jealousy {SustAb rElec rC+ rN+ Slay+5} (You found it in a treasure trove)
 16208 | Trove    | Identified a +0 rod of destruction (11/11) (You found it on level 10 of the Dungeon)
 16284 | D:10     | Found a staircase to the Orcish Mines.
 16342 | D:10     | Noticed Const's ghost (experienced MfSk)
 16357 | D:10     | Killed Const's ghost
 16442 | D:10     | Noticed a hill giant
 16448 | D:10     | Killed a hill giant
 16761 | D:10     | Found a blossoming altar of Fedhas.
 16770 | D:10     | Noticed a hill giant
 16778 | D:10     | Killed a hill giant
 17249 | D:11     | Found a staircase to the Lair.
 17547 | D:11     | Gained mutation: You possess an exceptional clarity of mind. [mutagenic meat]
 17548 | D:11     | Gained mutation: Your muscles are strong. (Str +2) [mutagenic meat]
 17549 | D:11     | Lost mutation: Your flesh is cold resistant. [mutagenic meat]
 18134 | Lair:1   | Entered Level 1 of the Lair of Beasts
 18216 | Lair:1   | Reached XP level 12. HP: 82/94 MP: 9/13
 18732 | Lair:1   | Noticed Urug
 18762 | Lair:1   | Killed Urug
 18947 | Lair:1   | Reached skill level 10 in Fighting
 19867 | Lair:2   | Noticed Sonja
 19973 | Lair:2   | Killed Sonja
 20345 | Lair:2   | Lost mutation: Your magical capacity is low (-10% MP). [potion of cure mutation]
 20345 | Lair:2   | Lost mutation: You possess an exceptional clarity of mind. [potion of cure mutation]
 20345 | Lair:2   | Lost mutation: Your muscles are strong. (Str +2) [potion of cure mutation]
 20345 | Lair:2   | Lost mutation: You are partially covered in large bone plates (AC +2, SH +2). [potion of cure mutation]
 20345 | Lair:2   | Lost mutation: You are partially covered in icy blue scales (AC +1). [potion of cure mutation]
 20511 | Lair:2   | Reached skill level 14 in Unarmed Combat
 20741 | Lair:2   | Acquired Okawaru's second power
 21777 | Lair:3   | HP: 4/97 [wolf (1)]
 21779 | Lair:3   | HP: 1/97 [wolf (2)]
 21779 | Lair:3   | Slain by a wolf

Vault maps used:
D:1:      nagdon_arrival_double_spiral
D:2:      trog_three_pillars_becter, uniq_terence
D:3:      nicolae_tso_swordbearing_angel, uniq_jessica
D:4:      first_bread, grunt_gozag_breadcrumbs, uniq_pikel
D:5:      nicolae_dithmenos_shadow_blocks
D:6:      led_sif_book, slow_altar_1, uniq_edmund, uniq_prince_ribbit1
D:7:      nicolae_ru_great_annihilating_truth, okawaru_humans,
          minmay_temple_entry_junction, basic_altar, enter_bailey_3
D:8:      cheibrodos_ashenzari_chains, nicolae_qazlal_style_of_elements,
          nemelex_altar_shiori, grunt_livestock
D:9:      lemuel_round_altar, kiku_gazebo_garden_becter, serial_shops, shop,
          shop_fountains, shop, nicolae_shop_stone
D:10:     orc_0_dummy, nicolae_trove_entry_crystal, tgw_fedhas
D:11:     minmay_lair_entry_lava
Temple:   jpeg_temple_alley_garden_8
Lair:1:   beast_lair_carwin_5, uniq_urug
Lair:2:   minmay_lair_oklob_bushes, uniq_sonja
Lair:3:   spider_nest_entry_webs, basic_altar, st_stairs_9, uniq_harold
Trove:    trove_jewel_2
Bailey:   bailey_axe_4, bailey

Action                   |  1- 3 |  4- 6 |  7- 9 | 10-12 || total
-------------------------+-------+-------+-------+-------++-------
Melee: Unarmed           |   112 |   137 |   380 |   751 ||  1380
 Cast: Beastly Appendage |    19 |     1 |     1 |       ||    21
       Spider Form       |     2 |    24 |    52 |    47 ||   125
       Ice Form          |       |       |       |    21 ||    21
       Blade Hands       |       |       |       |    23 ||    23
 Abil: End Transformatio |       |     1 |     2 |     2 ||     5
Evoke: Phial of floods   |       |       |       |     1 ||     1
  Use: Scroll            |     3 |       |    12 |    15 ||    30
       Potion            |       |       |     1 |    16 ||    17
 Stab: Sleeping          |     1 |     1 |     3 |     3 ||     8
       Paralysed         |       |       |       |     1 ||     1
  Eat: Chunk             |     4 |    10 |    34 |    31 ||    79
       Fruit             |       |     3 |       |    11 ||    14
       Beef jerky        |       |     1 |       |     2 ||     3
       Bread ration      |       |       |     1 |     1 ||     2
       Pizza             |       |       |       |     3 ||     3
       Meat ration       |       |       |       |     2 ||     2
       Royal jelly       |       |       |       |     1 ||     1
